 Dungeon Crawl Stone Soup version 0.22-a0-136-g83a10e5 (webtiles) character file.

17940 Amnesiac the Destroyer (level 12, -2/71 HPs)
             Began as a Deep Elf Ice Elementalist on Feb 2, 2018.
             Was a High Priest of Sif Muna.
             Slain by a harpy (10 damage)
             ... summoned by Kirke
             ... on level 12 of the Dungeon.
             The game lasted 00:34:39 (14117 turns).

Amnesiac the Destroyer (Deep Elf Ice Elementalist) Turns: 14117, Time: 00:34:40

Health: -2/71      AC: 14    Str:  5    XL:     12   Next: 23%
Magic:  1/28       EV: 16    Int: 26    God:    Sif Muna [*****.]
Gold:   774        SH:  0    Dex: 15    Spells: 1/31 levels left

rFire    x . .     SeeInvis +   p - +4 war axe (flame)
rCold    + . .     Gourm    .   (no shield)
rNeg     . . .     Faith    +   O - +0 steam dragon scales
rPois    .         Spirit   .   b - +0 hat {SInv}
rElec    .         Reflect  .   j - +0 cloak
rCorr    .         Harm     .   E - +1 pair of gloves
MR       +....                  a - +0 pair of boots
Stlth    ++........             B - amulet of faith
HPRegen  0.21/turn              w - +5 ring of protection
MPRegen  0.21/turn              q - ring of ice

@: no casting
A: no striking features
a: Stop Divine Energy, Channel Magic, Forget Spell, Renounce Religion


You were on level 12 of the Dungeon.
You worshipped Sif Muna.
Sif Muna was extremely pleased with you.
You were not hungry.

You visited 2 branches of the dungeon, and saw 13 of its levels.
You also visited: Labyrinth and Ossuary.

You collected 774 gold pieces.

Inventory:

Hand Weapons
 e - a +0 blowgun
 p - a +4 war axe of flaming (weapon)
 M - a +2 dagger of venom
 Y - a +0 quick blade
Missiles
 f - 37 poisoned needles
 D - 3 throwing nets (quivered)
Armour
 a - a +0 pair of boots (worn)
 b - a +0 hat of see invisible (worn)
 j - a +0 cloak (worn)
 o - the +2 robe "Hipp" {*Corrode rC+ rN+, unknown}
   (You found it on level 12 of the Dungeon)

   It protects you from cold.
   It protects you from negative energy.
   It may corrode you when you take damage.
 E - a +1 pair of gloves (worn)
 O - +0 steam dragon scales (worn)
Magical Staves
 J - an uncursed staff of earth
 S - an uncursed staff of energy
Jewellery
 q - a ring of ice (right hand)
 r - an uncursed ring of wizardry
 w - a +5 ring of protection (left hand)
 B - an amulet of faith (around neck)
 R - an uncursed amulet of rage {unknown}
Wands
 Q - a wand of acid (7)
Scrolls
 d - 6 scrolls of teleportation {!r}
 s - 4 scrolls of fog {!r}
 y - 5 scrolls of remove curse {!r}
 C - 2 scrolls of enchant weapon {!r}
 G - a scroll of enchant armour {!r}
 H - 3 scrolls of magic mapping {!r}
 N - a scroll of amnesia {!r}
 P - a scroll of fear {!r}
Potions
 g - 5 potions of curing {!q}
 h - a potion of brilliance {!q, unknown}
 k - 4 potions of resistance {!q, unknown}
 l - 2 potions of flight {!q, unknown}
 m - 4 potions of agility {!q}
 n - 2 potions of mutation {!q, unknown}
 t - 3 potions of lignification {!q, unknown}
 u - 2 potions of might {!q, unknown}
 v - 3 potions of haste {!q, unknown}
 x - a potion of berserk rage {!q, unknown}
 z - 3 potions of magic {!q}
 A - a potion of heal wounds {!q}
 F - a potion of ambrosia {!q}
Books
 i - a book of Misfortune

   Spells                             Type                      Level
   a - Confusing Touch                Hexes                        1
   b - Confuse                        Hexes                        3
   c - Gell's Gravitas                Translocation                3
   d - Petrify                        Transmutation/Earth          4
   e - Metabolic Englaciation         Hexes/Ice                    5
   f - Yara's Violent Unravelling     Hexes/Transmutation          5
Comestibles
 c - 16 rations


   Skills:
 - Level 6.4 Fighting
 + Level 7.0 Dodging
 - Level 2.4 Stealth
 + Level 10.1 Spellcasting
 * Level 11.5 Conjurations
 * Level 11.4 Ice Magic
 - Level 8.0 Invocations


You had one spell level left.
You knew the following spells:

 Your Spells              Type           Power        Failure   Level  Hunger
a - Throw Icicle          Conj/Ice       #######.     1%          4    None
b - Ozocubu's Armour      Chrm/Ice       ######..     1%          3    None
c - Summon Ice Beast      Ice/Summ       ######..     4%          4    None
d - Bolt of Cold          Conj/Ice       #######...   6%          6    #####..
e - Ozocubu's Refrigerat  Ice            #######...   6%          6    #####..
f - Passwall              Tmut/Erth      ##........   7%          2    None
r - Regeneration          Chrm/Necr      ##........   14%         3    None
v - Blink                 Tloc           N/A          7%          2    None


Dungeon Overview and Level Annotations

Branches:
Dungeon (12/15)            Temple (1/1) D:6            Lair (0/6) D:10
    Orc: D:9-12

Altars:
Ashenzari
Cheibriados
Dithmenos
Fedhas
Gozag
Hepliaklqana
Kikubaaqudgha
Makhleb
Nemelex Xobeh
Okawaru
Qazlal
Ru
Sif Muna
Trog
Uskayaw
Wu Jian
Xom
Yredelemnul
Zin
The Shining One

Shops:
D:7 (   D:10 %   D:11 %

Portals:
Trove: D:11 (give 8 potions of agility)

Annotations:
D:12 Kirke


Message History

Casting: Bolt of Cold (safe; 6% risk of failure)
Confirm with . or Enter, or press ? or * to list all spells.
Aiming: Bolt of Cold (safe; 6% risk of failure)
Press: ? - help, Shift-Dir - straight line, f - harpy, p - Kirke
Aim: a harpy (severely wounded, summoned)
You feel a surge of power!
The bolt of cold misses the harpy. x2
The bolt of cold hits the hog.
You kill the hog!
Sif Muna accepts your kill. Sif Muna grants you divine energy.
You briefly lose access to your magic!
The harpy claws you.
* * * LOW HITPOINT WARNING * * *
The harpy claws you but does no damage.
Kirke gestures wildly while chanting.
Kirke summons some harpies!
Unknown command.
The harpy screeches!
The harpy closely misses you. The harpy claws you.
* * * LOW HITPOINT WARNING * * *
Kirke gestures wildly while chanting.
Kirke flickers and vanishes for a moment.
The harpy claws you.
* * * LOW HITPOINT WARNING * * *
The harpy claws you!
* * * LOW HITPOINT WARNING * * *
Really quaff
A - 2 potions of heal wounds {!q}?
You feel much better.
The harpy claws you but does no damage. x2
Okay, then.
Really read
P - 2 scrolls of fear {!r}?
As you read the scroll of fear {!r}, it crumbles to dust.
You assume a fearsome visage.
The harpy looks frightened!
Kirke looks frightened!
The harpy looks frightened! x3
The orc looks frightened!
You regain access to your magic.
Cornered, the harpy turns to fight! x2; The harpy claws you.
The harpy closely misses you.
Casting: Bolt of Cold (safe; 6% risk of failure)
Confirm with . or Enter, or press ? or * to list all spells.
Aiming: Bolt of Cold (safe; 6% risk of failure)
Press: ? - help, Shift-Dir - straight line, f/p - harpy
Aim: a harpy (severely wounded, summoned)
You feel a surge of power!
The bolt of cold hits the harpy.
You kill the harpy!
The harpy's corpse disappears in a puff of smoke!
The bolt of cold hits the harpy.
The harpy is almost dead.
Sif Muna grants you divine energy.
You briefly lose access to your magic!
Cornered, the harpy turns to fight!
The harpy closely misses you. The harpy barely misses you.
Kirke cowers, then darts away.
Unknown command.
The harpy screeches!
The harpy claws you.
* * * LOW HITPOINT WARNING * * *
The harpy closely misses you. The harpy claws you!
* * * LOW HITPOINT WARNING * * *
The harpy closely misses you.
Cornered, the orc turns to fight!
The harpy claws you!
* * * LOW HITPOINT WARNING * * *
The harpy claws you but does no damage. The harpy claws you!
* * * LOW HITPOINT WARNING * * *
The harpy barely misses you. The harpy claws you!
You die...

.####....#.....(.....# ..........
...###...####........# .........
.#.....#.####........# .......o.
....####.##........>.# .......§.
##..###=....#........# ######†#
#.....#....##........# ###..
#.###.#...###........# #....
..###.......#################....
..(.............@H.....o†.H......
.....##...##[################....
####..#...# ..# #...: ##.......
.# #.... ######## #####


You could see a harpy and an orc.

Vanquished Creatures
  Gastronok (D:12)
  An ettin (D:10)
  A minotaur (Lab)
  A centaur warrior (D:10)
  A tengu warrior (D:10)
  An unseen horror (D:11)
  Pikel (D:8)
  An ugly thing (D:11)
  A cyclops (D:10)
  Maurice (D:8)
  2 centaur skeletons
  2 gargoyles
  A kobold demonologist (D:11)
  A tengu conjurer (D:11)
  2 trolls
  A hippogriff (D:8)
  Sigmund (D:3)
  A meliai zombie (D:10)
  A shadow (D:11)
  3 wyverns
  A wraith (D:11)
  2 steam dragons
  3 hogs (D:12)
  Menkaure (D:7)
  An acid dragon (D:11)
  4 slaves (D:8)
  6 orc warriors
  3 ice beasts
  A phantom (D:11)
  5 black bears
  5 sky beasts
  9 ogres
  A wolf (D:10)
  An eye of draining (D:12)
  A necrophage (D:11)
  15 centaurs
  3 big kobolds
  5 bullfrogs
  A wyvern skeleton (D:10)
  5 scorpions
  A water moccasin skeleton (D:4)
  8 howler monkeys
  8 wights
  3 centaur zombies
  An electric eel (D:10)
  4 crimson imps
  3 bullfrog zombies
  3 quasits
  10 hounds
  2 jellies
  8 orc priests
  Jessica (D:3)
  4 iguanas
  12 orc wizards
  Terence (D:3)
  11 worker ants
  2 big kobold zombies (Ossuary)
  2 hound zombies
  2 mummies (Ossuary)
  A worker ant zombie (D:11)
  18 gnolls
  A howler monkey skeleton (D:5)
  6 adders
  3 shadow imps
  An ooze (D:4)
  2 adder zombies (Ossuary)
  6 leopard geckos
  48 orcs
  3 ball pythons (D:1)
  2 bats (D:1)
  7 giant cockroaches
  A gnoll zombie (Ossuary)
  8 goblins
  4 hobgoblins
  7 jackals
  26 kobolds
  2 quokkas
  A frilled lizard (D:1)
  A giant cockroach zombie (D:6)
  2 goblin zombies (Ossuary)
  A kobold zombie (Ossuary)
  An orc zombie (Ossuary)
  4 rats
  A spectral orc (D:8)
341 creatures vanquished.

Vanquished Creatures (collateral kills)
  Eustachio (D:5)
  A hog (D:12)
  A centaur (D:5)
  An elf zombie (Ossuary)
  Blork the orc (D:5)
  A worker ant (D:5)
  2 mummies (Ossuary)
  An adder skeleton (D:4)
  An orc (D:5)
  A hobgoblin zombie (Ossuary)
  A jackal zombie (Ossuary)
12 creatures vanquished.

Grand Total: 353 creatures vanquished

Notes
Turn   | Place    | Note
-------+----------+-------------------------------------------
     0 | D:1      | Amnesiac the Deep Elf Ice Elementalist began the quest for the Orb.
     0 | D:1      | Reached XP level 1. HP: 10/10 MP: 6/6
   199 | D:1      | Found a sparkling altar of Nemelex Xobeh.
   259 | D:1      | Reached skill level 1 in Fighting
   274 | D:1      | Reached XP level 2. HP: 16/16 MP: 2/8
   664 | D:1      | Reached XP level 3. HP: 21/21 MP: 7/9
  1360 | D:2      | Found a bloodstained altar of Trog.
  1400 | D:2      | Reached XP level 4. HP: 23/27 MP: 8/10
  1445 | D:2      | Learned a level 3 spell: Ozocubu's Armour
  1488 | D:2      | Learned a level 4 spell: Summon Ice Beast
  1509 | D:3      | Noticed Jessica
  1514 | D:3      | Killed Jessica
  1812 | D:3      | Found a shattered altar of Ashenzari.
  1817 | D:3      | Found a stormy altar of Qazlal.
  1820 | D:3      | Found a snail-covered altar of Cheibriados.
  1848 | D:3      | Noticed an angel
  1848 | D:3      | Found a glowing silver altar of Zin.
  1848 | D:3      | Found a shimmering altar of Xom.
  1858 | D:3      | Noticed Sigmund
  1890 | D:3      | Killed Sigmund
  1890 | D:3      | Reached XP level 5. HP: 12/33 MP: 1/11
  1890 | D:3      | Reached XP level 6. HP: 14/38 MP: 1/12
  2337 | D:3      | Noticed Terence
  2346 | D:3      | Killed Terence
  3488 | D:4      | Reached XP level 7. HP: 44/44 MP: 11/13
  3523 | D:4      | Reached skill level 5 in Ice Magic
  3779 | D:4      | Reached skill level 5 in Fighting
  4069 | D:4      | Reached skill level 5 in Dodging
  4464 | D:5      | Entered Level 5 of the Dungeon
  4628 | D:5      | Noticed Blork the orc
  4675 | D:5      | Killed Blork the orc
  4709 | D:5      | Reached XP level 8. HP: 30/51 MP: 3/14
  4793 | D:5      | Found a sand-covered staircase.
  4879 | Ossuary  | Entered an ossuary
  5377 | D:5      | Noticed Eustachio
  5384 | D:5      | Learned a level 4 spell: Throw Icicle
  5441 | D:5      | Killed Eustachio
  5909 | D:6      | Found a staircase to the Ecumenical Temple.
  5918 | Temple   | Entered the Ecumenical Temple
  5988 | Temple   | Became a worshipper of Sif Muna the Loreminder
  6519 | D:6      | Reached skill level 5 in Conjurations
  6590 | D:6      | Found a hide-covered altar of Uskayaw.
  6763 | D:6      | Reached XP level 9. HP: 52/56 MP: 3/15
  6764 | D:6      | Reached * piety under Sif Muna
  7241 | D:7      | Found Juamnas's Antique Weapon Shoppe.
  7252 | D:7      | Noticed Menkaure
  7288 | D:7      | Reached skill level 5 in Spellcasting
  7511 | D:7      | Killed Menkaure
  7511 | D:7      | Reached ** piety under Sif Muna
  7745 | D:7      | Learned a level 3 spell: Regeneration
  7822 | D:8      | Noticed Maurice
  8137 | D:8      | Killed Maurice
  8633 | D:8      | Reached *** piety under Sif Muna
  8720 | D:8      | Reached XP level 10. HP: 61/61 MP: 0/22
  8988 | D:8      | Found a basalt altar of Yredelemnul.
  9055 | D:8      | Noticed Pikel
  9055 | D:8      | Found a shadowy altar of Dithmenos.
  9060 | D:8      | Killed Pikel
  9564 | D:9      | Found an ancient bone altar of Kikubaaqudgha.
  9773 | D:10     | Entered Level 10 of the Dungeon
  9810 | D:10     | Reached **** piety under Sif Muna
  9939 | D:10     | Found Xoypp's Food Emporium.
 10426 | D:10     | Reached skill level 10 in Conjurations
 10429 | D:10     | Noticed a cyclops
 10430 | D:10     | Noticed an ettin
 10593 | D:10     | Reached skill level 10 in Ice Magic
 10607 | D:10     | Noticed a centaur warrior
 10609 | D:10     | Killed a centaur warrior
 10609 | D:10     | Reached XP level 11. HP: 66/66 MP: 2/26
 10835 | D:10     | Noticed a tengu warrior
 10838 | D:10     | Killed a tengu warrior
 10838 | D:10     | Reached ***** piety under Sif Muna
 10838 | D:10     | Identified Sif Muna's Reference Book on Ice (Sif Muna gifted it to you on level 10 of the Dungeon)
 10838 | D:10     | Received a gift from Sif Muna
 10847 | D:10     | Learned a level 6 spell: Bolt of Cold
 11048 | D:10     | Killed an ettin
 11139 | D:10     | Found a staircase to the Lair.
 11454 | D:11     | Found Ocabu's Food Shop.
 11529 | D:11     | Killed an unseen horror
 11541 | D:11     | Found a labyrinth entrance.
 11641 | D:11     | Noticed a brown ugly thing
 11650 | D:11     | Killed a brown ugly thing
 11664 | Lab      | Entered a labyrinth
 12305 | Lab      | Noticed a minotaur
 12308 | Lab      | Killed a minotaur
 12308 | Lab      | Reached skill level 5 in Invocations
 12316 | Lab      | Identified the Catalogue of Clay
 12357 | D:11     | Learned a level 2 spell: Blink
 12364 | D:11     | Learned a level 6 spell: Ozocubu's Refrigeration
 12705 | D:11     | Found a portal to a secret trove of treasure.
 13181 | D:11     | Reached XP level 12. HP: 65/71 MP: 15/27
 13871 | D:12     | Noticed Gastronok
 13884 | D:12     | Killed Gastronok
 13884 | D:12     | Reached skill level 10 in Spellcasting
 13972 | D:12     | Got a silken robe
 13996 | D:12     | Identified Sif Muna's Collected Works on Quantum Transmigration (Sif Muna gifted it to you on level 12 of the Dungeon)
 13996 | D:12     | Received a gift from Sif Muna
 14001 | D:12     | Learned a level 2 spell: Passwall
 14087 | D:12     | Noticed Kirke
 14117 | D:12     | Slain by a harpy

Vault maps used:
D:1:      dpeg_arrival_chambers_temple_mockup, minmay_misc_feat_cross,
          minivault_27, wad_floor_pattern_untrapped, nemelex_altar_shiori
D:2:      lemuel_crystal_altar
D:3:      grunt_temple_overflow_order_and_chaos_1,
          minmay_overflow_temple_star_quad, uniq_jessica, uniq_sigmund,
          uniq_terence
D:4:      minmay_joined_circles
D:5:      chequers_ossuary_entry_cave, first_ration, kennysheep_small_square,
          uniq_eustachio, uniq_blork_the_orc
D:6:      kennysheep_little_box, minmay_temple_entry_junction
D:7:      serial_shops, nicolae_shop_trees, grunt_ogre_cave, uniq_menkaure
D:8:      yredelemnul_forgotten_temple_becter, basic_altar, uniq_maurice,
          uniq_pikel
D:9:      kennysheep_mini_moat
D:10:     erik_lair_island, serial_shops, nicolae_shop_trees, minmay_evil_grid
D:11:     serial_shops, shop, nicolae_trove_entry_crossroad, lab_entry_generic,
          grunt_tough_drop
D:12:     david_orc_5, uniq_gastronok, uniq_kirke
Temple:   oiseaux_autumnal_temple
Lab:      nicolae_lab_dead_adventurers, lab_statue, nicolae_lab_dead_end
Ossuary:  ossuary_minmay_tomb_2a

Skill      XL: |  1  2  3  4  5  6  7  8  9 10 11 12 |
---------------+-------------------------------------+-----
Fighting       | 1 2 3 4 5 6 |  6.4
Dodging        | 3 4 5 6 7 |  7.0
Ice Magic      | 4 5 6 8 10 11 | 11.4
Conjurations   | 5 8 10 11 | 11.5
Spellcasting   | 7 9 10 | 10.1
Invocations    | 8 |  8.0
Stealth        | |  2.4

Action                   |  1- 3 |  4- 6 |  7- 9 | 10-12 || total
-------------------------+-------+-------+-------+-------++-------
Melee: Unarmed           |     1 |     7 |       |       ||     8
       War axe           |       |    15 |   164 |    26 ||   205
       Rapier            |       |       |     8 |       ||     8
       Dagger            |       |       |       |    78 ||    78
       Staff             |       |       |       |    11 ||    11
Throw: Throwing net      |       |       |       |     1 ||     1
 Cast: Freeze            |    45 |    75 |    62 |       ||   182
       Summon Ice Beast  |       |     3 |    12 |     6 ||    21
       Ozocubu's Armour  |       |     1 |       |     3 ||     4
       Throw Icicle      |       |       |   106 |   235 ||   341
       Bolt of Cold      |       |       |       |    10 ||    10
Invok: Divine Energy     |       |       |     1 |       ||     1
       Channel Magic     |       |       |       |     1 ||     1
  Use: Scroll            |     7 |     5 |     8 |     7 ||    27
       Potion            |       |       |     1 |     1 ||     2
 Stab: Distracted        |       |     1 |     2 |       ||     3
       Sleeping          |       |       |     1 |       ||     1
  Eat: Chunk             |     1 |     7 |    27 |    18 ||    53
       Ration            |       |       |     2 |     2 ||     4
Armor: Robe              |     4 |     4 |    74 |    23 ||   105
       Steam dragon scal |       |       |       |    92 ||    92
Dodge: Dodged            |    20 |    50 |   233 |   221 ||   524

Table legend:
 A = Spawn XP
 B = Non-spawn XP
 C = Spawn XP percentage of total XP
 D = Spawn monster count
 E = Non-spawn monster count
 F = Spawn count percentage of total count
 G = Total turns spent on level
                    A         B        C        D         E        F      G
               +---------+---------+-------+---------+---------+-------+---------
         Total |       0 |   25629 |   0.0 |       0 |     349 |   0.0 | 14117
               +---------+---------+-------+---------+---------+-------+---------
           D:1 |       0 |      44 |   0.0 |       0 |      19 |   0.0 |  1044
           D:2 |       0 |      54 |   0.0 |       0 |      11 |   0.0 |   480
           D:3 |       0 |     442 |   0.0 |       0 |      18 |   0.0 |  1521
           D:4 |       0 |     533 |   0.0 |       0 |      35 |   0.0 |  1419
           D:5 |       0 |     743 |   0.0 |       0 |      22 |   0.0 |  1101
           D:6 |       0 |     874 |   0.0 |       0 |      24 |   0.0 |  1076
           D:7 |       0 |    1224 |   0.0 |       0 |      31 |   0.0 |   984
           D:8 |       0 |    2697 |   0.0 |       0 |      33 |   0.0 |  1201
           D:9 |       0 |    1174 |   0.0 |       0 |      17 |   0.0 |   691
          D:10 |       0 |    7166 |   0.0 |       0 |      55 |   0.0 |  1582
          D:11 |       0 |    7129 |   0.0 |       0 |      59 |   0.0 |  1666
          D:12 |       0 |    2289 |   0.0 |       0 |       8 |   0.0 |   322
           Lab |       0 |    1071 |   0.0 |       0 |       1 |   0.0 |   675
       Ossuary |       0 |     189 |   0.0 |       0 |      16 |   0.0 |   252
               +---------+---------+-------+---------+---------+-------+---------
